 Dungeon Crawl Stone Soup version 0.25.0-11-g1f837a76a1 (webtiles) character file.

Game seed: 15015697167063004630

695 lepoulpe303 the Stinger (level 7, -2/46 HPs)
             Began as a Merfolk Venom Mage on June 24, 2020.
             Was an Initiate of Vehumet.
             Slain by a wight
             ... wielding a cursed +2 dagger of flaming
              (3 damage)
             ... on level 5 of the Dungeon on June 25, 2020.
             The game lasted 00:26:11 (6433 turns).

lepoulpe303 the Stinger (Merfolk Venom Mage)        Turns: 6433, Time: 00:26:12

Health: -2/46      AC:  3    Str: 18    XL:     7   Next: 64%
Magic:  5/13       EV: 14    Int: 16    God:    Vehumet [......]
Gold:   270        SH:  0    Dex: 14    Spells: 1/14 levels left

rFire    . . .     SeeInvis .   a - +1 short sword of Acaopulo {drain, *Corrode Str+9 Stlth+}
rCold    . . .     Gourm    .   (no shield)
rNeg     . . .     Faith    .   w - +0 robe
rPois    .         Spirit   .   o - +0 helmet
rElec    .         Reflect  .   (no cloak)
rCorr    .         Harm     .   (no gloves)
MR       .....                  (no boots)
Stlth    +++.......             (no amulet)
HPRegen  0.15/turn              (no ring)
MPRegen  0.13/turn              (no ring)

@: drained
A: change form in water, swift swim, stealthy swim
a: Renounce Religion


You were on level 5 of the Dungeon.
You worshipped Vehumet.
Vehumet was noncommittal.
You were very hungry.

You visited 2 branches of the dungeon, and saw 7 of its levels.

You collected 270 gold pieces.

Inventory:

Hand Weapons
 a - the +1 short sword of Acaopulo (weapon) {drain, *Corrode Str+9 Stlth+}
   (You found it on level 4 of the Dungeon)

   A truly terrible weapon, it drains the life of those it strikes.
   It affects your strength (+9).
   It may corrode you when you take damage.
   It makes you more stealthy.
 b - a +2 hunting sling of freezing
 h - a +0 dagger
 u - a +1 vampiric spear
 v - a +3 spear
 y - a cursed -3 dagger
 C - the +2 dagger "Dragon's Death" {drain, rC- rN++ Str+8 Dex+3, unknown}
   (You found it on level 5 of the Dungeon)

   A truly terrible weapon, it drains the life of those it strikes.
   It affects your strength (+8).
   It affects your dexterity (+3).
   It makes you vulnerable to cold.
   It greatly protects you from negative energy.
Missiles
 c - 24 poisoned darts (quivered)
Armour
 o - a +0 helmet (worn)
 w - a +0 robe (worn)
Wands
 D - a wand of polymorph (10)
Scrolls
 d - a scroll of remove curse {unknown}
 f - a scroll of random uselessness {unknown}
 j - a scroll of enchant weapon {unknown}
 s - a scroll of magic mapping {unknown}
 t - 5 scrolls of teleportation
 x - a scroll of enchant armour {unknown}
 z - a scroll of noise {unknown}
 A - a scroll of immolation {unknown}
Potions
 g - 2 potions of berserk rage {unknown}
 k - a potion of mutation {unknown}
 l - a potion of heal wounds
 m - a potion of haste {unknown}
 n - 2 potions of stabbing {unknown}
 p - a potion of invisibility {unknown}
 q - 3 potions of curing
 r - 4 potions of degeneration {unknown}
 B - 2 potions of might {unknown}
Comestibles
 e - 8 rations


   Skills:
 - Level 0.4(0.0) Short Blades
 + Level 4.6(3.8) Dodging
 + Level 4.0(3.2) Stealth
 * Level 4.2(3.4) Spellcasting
 * Level 4.6(3.8) Transmutations
 * Level 5.7(4.9) Poison Magic


You had one spell level left.
You knew the following spells:

 Your Spells              Type           Power        Failure   Level  Hunger
a - Sting                 Tmut/Pois      ###.         3%          1    None
b - Poisonous Vapours     Pois/Air       ##....       10%         2    ##.....
c - Ignite Poison         Fire/Tmut/Pois ##......     16%         3    ###....
d - Olgreb's Toxic Radia  Pois           ###.....     24%         4    ####...
x - Mephitic Cloud        Conj/Pois/Air  #.......     26%         3    ###....

Your spell library contained the following spells:

 Spells                   Type           Power        Failure   Level  Hunger


Dungeon Overview and Level Annotations

Branches:
Dungeon (6/15)             Temple (1/1) D:5

Altars:
Ashenzari
Cheibriados
Dithmenos
Elyvilon
Gozag
Hepliaklqana
Kikubaaqudgha
Nemelex Xobeh
Qazlal
Ru
Sif Muna
Uskayaw
Vehumet
Wu Jian
Xom
Yredelemnul
Zin
The Shining One


Message History

You take 2 damage, and have 21/46 hp.
Aim: a wight, wielding a +2 dagger of flaming and wearing a +0 robe (severely damaged)
The sting hits the wight.
The wight partially resists.
The wight misses you.
You now have 6/13 mp.
Aim: a wight, wielding a +2 dagger of flaming and wearing a +0 robe (severely damaged)
The sting misses the wight.
The wight hits you with a cursed +2 dagger of flaming!
* * * LOW HITPOINT WARNING * * *
The wight burns you.
* * * LOW HITPOINT WARNING * * *
You take 11 damage, and have 10/46 hp.
MASSIVE DAMAGE!!
You now have 5/13 mp.
Okay, then.
Aim: a wight, wielding a +2 dagger of flaming and wearing a +0 robe (severely damaged, not susceptible)
The wight is unaffected.
The wight hits you with a cursed +2 dagger of flaming!
* * * LOW HITPOINT WARNING * * *
The wight burns you.
You die...

#............### #
##.....##..#...######
##......#.###....#..
##.........##...#..#.
#...............##...
#..........#....##...
#.>........#....##.##
#...z......##........
#...@......##...##...
##........###...##.##
##.........##......##
#[...............####
#..........##.....###
#..........####.#..<.
#..........####......
#..........#.........
##........##.........


You could see a wight.

Levels and vault maps discovered:
D:1:      psy_arrival_heroes, layout_basic, hangedman_decor_opposing,
          minmay_misc_feat_room
D:2:      layout_basic, uniq_robin, uniq_terence
D:3:      layout_loops_ring
D:4:      layout_basic, grunt_dithmenos_smoke,
          nemelex_xobeh_ov_fountains_minmay, nicolae_qazlal_general_emergency
D:5:      layout_rooms, minmay_temple_entry_tees, first_ration
D:6:      layout_cave_pools, kennysheep_mini_moat, lemuel_doored_altar,
          kennysheep_little_box
Temple:   lightli_temple_of_artemis

Notes
Turn   | Place    | Note
-------+----------+-------------------------------------------
     0 | D:1      | lepoulpe303 the Merfolk Venom Mage began the quest for the
                  | Orb.
     0 | D:1      | Reached XP level 1. HP: 13/13 MP: 3/3
    61 | D:1      | Identified a +0 club
   234 | D:1      | Identified a +0 club
   240 | D:1      | Identified a +0 dagger
   246 | D:1      | Reached XP level 2. HP: 19/19 MP: 0/5
   254 | D:1      | Learned a level 2 spell: Poisonous Vapours
   514 | D:1      | Identified a +0 dagger
  1073 | D:2      | Identified a +0 trident
  1073 | D:2      | Identified a +0 animal skin
  1073 | D:2      | Identified a +0 helmet
  1073 | D:2      | Noticed Robin
  1073 | D:2      | Identified a +0 club
  1073 | D:2      | Identified a +0 club
  1075 | D:2      | Identified a +0 dagger
  1078 | D:2      | Reached skill level 2 in Transmutations
  1235 | D:2      | Reached XP level 3. HP: 20/24 MP: 0/6
  1278 | D:2      | Killed Robin
  1278 | D:2      | Reached skill level 3 in Dodging
  1413 | D:2      | Identified 4 scrolls of teleportation
  1417 | D:2      | Identified a +0 short sword
  1417 | D:2      | Identified a +0 scale mail of cold resistance
  1417 | D:2      | Noticed Terence
  1421 | D:2      | Identified a +0 dagger
  1434 | D:2      | Identified 3 potions of curing
  1442 | D:2      | Reached skill level 4 in Poison Magic
  1467 | D:2      | HP: 6/24 [kobold (2)]
  1476 | D:1      | HP: 4/24 [quokka (2)]
  1809 | D:2      | Identified a +0 dagger
  1815 | D:2      | Reached XP level 4. HP: 30/30 MP: 3/7
  1951 | D:2      | Killed Terence
  2279 | D:2      | Identified a +0 club
  2574 | D:2      | Identified a +0 club
  2659 | D:2      | Reached XP level 5. HP: 29/35 MP: 0/9
  2664 | D:2      | Learned a level 3 spell: Ignite Poison
  2668 | D:2      | Learned a level 3 spell: Mephitic Cloud
  2869 | D:2      | Identified a +0 dagger
  3327 | D:3      | Reached skill level 3 in Spellcasting
  3443 | D:3      | Identified a +0 dagger
  3541 | D:3      | Identified 2 scrolls of identify
  3541 | D:3      | Identified a cursed -2 dagger (You found it on level 2 of
                  | the Dungeon)
  3543 | D:3      | Identified a +0 flail
  3544 | D:3      | Identified a +0 dagger
  3544 | D:3      | Identified a +0 robe
  3544 | D:3      | Identified a +0 whip
  3556 | D:3      | Reached skill level 3 in Stealth
  3585 | D:3      | Reached skill level 3 in Transmutations
  3989 | D:3      | Identified a +0 club
  4031 | D:3      | Identified a +0 whip
  4235 | D:4      | Found a shadowy altar of Dithmenos.
  4272 | D:4      | Found a stormy altar of Qazlal.
  4348 | D:4      | Found a sparkling altar of Nemelex Xobeh.
  4472 | D:4      | Got a fading short sword
  4473 | D:4      | Identified the +1 short sword of Acaopulo {drain, *Corrode
                  | Str+9 Stlth+} (You found it on level 4 of the Dungeon)
  4531 | D:4      | Reached XP level 6. HP: 39/41 MP: 9/11
  4668 | D:4      | Reached skill level 4 in Dodging
  4993 | D:5      | Entered Level 5 of the Dungeon
  4993 | D:5      | Identified a cursed +0 spear
  5003 | D:4      | Reached skill level 5 in Poison Magic
  5329 | D:5      | Identified a +0 hand axe
  5412 | D:5      | Reached XP level 7. HP: 28/46 MP: 3/12
  5536 | D:5      | Learned a level 4 spell: Olgreb's Toxic Radiance
  5603 | D:5      | Reached skill level 4 in Transmutations
  5625 | D:5      | Reached skill level 4 in Spellcasting
  5648 | D:5      | Found a staircase to the Ecumenical Temple.
  5657 | Temple   | Entered the Ecumenical Temple
  5753 | Temple   | Became a worshipper of Vehumet
  5795 | D:5      | Got a polished dagger
  5988 | D:6      | Identified a +0 dagger
  5988 | D:6      | Identified a +0 leather armour
  6001 | D:5      | Reached skill level 4 in Stealth
  6413 | D:6      | Identified a cursed +2 long sword
  6413 | D:6      | Identified a +0 robe
  6413 | D:6      | Identified a cursed +2 dagger of flaming
  6413 | D:6      | Identified a +0 robe
  6413 | D:6      | Identified a +2 dagger
  6413 | D:6      | Identified a +0 robe
  6430 | D:5      | HP: 10/46 [wight/cursed +2 dagger of flaming (3)]
  6433 | D:5      | HP: 1/46 [wight/cursed +2 dagger of flaming (9)]
  6433 | D:5      | Slain by a wight

Table legend:
 A = Turns spent in this place as a percentage of turns spent in the entire game.
 B = Non-inter-level travel turns spent in this place as a percentage of non-inter-level travel turns spent in the entire game.
 C = Inter-level travel turns spent in this place as a percentage of turns spent in this place.
 D = Turns resting spent in this place as a percentage of non-inter-level travel turns spent in this place.
 E = Turns spent auto-exploring this place as a percentage of non-inter-level travel turns spent in this place.
 F = Non-inter-level travel turns spent in this place divided by the number of levels of this place that you've seen.
                   A       B       C       D       E      F
               +-------+-------+-------+-------+-------+----------------------
         Total | 100.0 | 100.0 |   7.0 |  26.8 |  50.9 | 854.9
       Dungeon |  98.4 |  98.4 |   7.0 |  27.2 |  50.3 | 981.0
        Temple |   1.6 |   1.6 |   6.7 |   0.0 |  86.7 |  98.0
               +-------+-------+-------+-------+-------+----------------------

Table legend:
 A = Kills in this place as a percentage of kills in entire the game.
 B = Kills by you in this place as a percentage of kills by you in the entire game.
 C = Kills by friends in this place as a percentage of kills by friends in the entire game.
 D = Other kills in this place as a percentage of other kills in the entire game.
 E = Experience gained in this place as a percentage of experience gained in the entire game.
 F = Experience gained in this place divided by the number of levels of this place that you have seen.
                   A       B       C       D       E      F
               +-------+-------+-------+-------+-------+----------------------
         Total | 100.0 | 100.0 |   N/A |   N/A | 100.0 | 142.0
       Dungeon | 100.0 | 100.0 |   N/A |   N/A | 100.0 | 165.7
               +-------+-------+-------+-------+-------+----------------------

Skill      XL: |  1  2  3  4  5  6  7 |
---------------+----------------------+-----
Transmutations | 2 3 4 |  4.6
Dodging        | 3 4 |  4.6
Poison Magic   | 4 5 |  5.7
Spellcasting   | 3 4 |  4.2
Stealth        | 3 4 |  4.0
Short Blades   | |  0.4

Action                   |  1- 3 |  4- 6 |  7- 9 || total
-------------------------+-------+-------+-------++-------
Melee: Unarmed           |     4 |       |       ||     4
       Dagger            |    16 |    76 |       ||    92
       Short sword       |       |    45 |    48 ||    93
 Cast: Sting             |    43 |    91 |    23 ||   157
       Poisonous Vapours |     2 |       |     1 ||     3
Evoke: Wand              |       |       |     1 ||     1
  Use: Scroll            |     1 |     2 |       ||     3
       Potion            |     1 |       |       ||     1
 Stab: Sleeping          |     1 |     5 |     6 ||    12
  Eat: Chunk             |     3 |     9 |     2 ||    14
       Ration            |       |     1 |       ||     1
Armor: Robe              |     8 |    32 |     6 ||    46
Dodge: Dodged            |    55 |   114 |    53 ||   222

Vanquished Creatures
  A bullfrog (D:4)
  2 killer bees
  A crimson imp (D:5)
  2 hounds
  2 jellies (D:5)
  A bullfrog skeleton (D:5)
  Terence (D:2)
  An orc wizard (D:3)
  4 worker ants
  Robin (D:2)
  3 gnolls (D:5)
  7 adders
  An ooze (D:2)
  4 worms
  A dart slug (D:5)
  3 orcs
  6 bats
  4 giant cockroaches
  8 goblins
  10 hobgoblins
  11 jackals
  6 quokkas
  7 frilled lizards
  11 kobolds
  A quokka skeleton (D:5)
  A quokka zombie (D:5)
  5 rats
105 creatures vanquished.
